 Dungeon Crawl Stone Soup version 0.29.0-11-gd7f09526c8 (webtiles) character file.

Game seed: 17029978005833954949

28 Zeldest the Grasshopper (level 3, -1/29 HPs)
             Began as a Meteoran Warper on Sept 3, 2022.
             Succumbed to an adder's poison
             ... on level 2 of the Dungeon.
             The game lasted 00:01:18 (271 turns).

Zeldest the Grasshopper (Meteoran Warper)            Turns: 271, Time: 00:01:19

Health: -1/29      AC:  3    Str: 15    XL:     3   Next: 47%
Magic:  8/8        EV: 12    Int: 14    God:
Gold:   79         SH:  0    Dex: 13    Spells: 7/7 levels left

rFire   . . .      SeeInvis +     - Unarmed
rCold   . . .      Faith    .   (no shield)
rNeg    . . .      Spirit   .   a - +0 leather armour
rPois   .          Reflect  .   (no helmet)
rElec   .          Harm     .   (no cloak)
rCorr   .          Rampage  .   (no gloves)
Will    .....                   (no boots)
Stlth   +.........              (no amulet)
HPRegen 0.09/turn               d - ring of see invisible
MPRegen 0.11/turn               (no ring)

@: mighty, lethally poisoned (-1 -> -7), glowing
A: sense surroundings 1, otherworldly, glowing, explore regen
a: no special abilities


You were on level 2 of the Dungeon.
You visited 1 branch of the dungeon, and saw 2 of its levels.

You collected 79 gold pieces.

Inventory:

Missiles
 c - 7 boomerangs of dispersal (quivered)
Armour
 a - a +0 leather armour (worn)
Jewellery
 d - a ring of see invisible (left hand)
Scrolls
 b - a scroll of blinking
 f - a scroll of identify {unknown}


   Skills:
 - Level 2.1 Fighting
 - Level 1.2 Throwing
 - Level 1.2 Armour
 - Level 2.4 Dodging
 + Level 3.4 Unarmed Combat
 - Level 2.6 Spellcasting
 + Level 4.4 Translocations


You had 7 spell levels left.
You didn't know any spells.
Your spell library contained the following spells:

 Spells                   Type           Power      Damage    Failure   Level
 Blink                    Tloc           28%        N/A       7%          2
 Gell's Gravitas          Tloc           14%        N/A       13%         3
 Lesser Beckoning         Tloc           14%        N/A       13%         3
 Teleport Other           Tloc           14%        N/A       13%         3
 Manifold Assault         Tloc           14%        N/A       77%         5


Dungeon Overview and Level Annotations

Branches:
Dungeon (2/15) Zot: 932

Altars:


Innate Abilities, Weirdness & Mutations

You passively map a small area around you.
You are easily found by Zot.
You glow in the dark.
You regain HP and MP as you explore.


Message History

You feel very sick.
Okay, then.
* * * LOW HITPOINT WARNING * * *
You feel sick.
You see here an adder corpse.
Found 10 gold pieces.
* * * LOW HITPOINT WARNING * * *
You feel sick.
An adder comes into view.
Found 11 gold pieces and a robe.
Found a stone staircase leading down.
* * * LOW HITPOINT WARNING * * *
You feel sick.
* * * LOW HITPOINT WARNING * * *
You feel sick.
It was a potion of might.
You feel very mighty all of a sudden.
* * * LOW HITPOINT WARNING * * *
You feel sick.
You feel sick. The adder bites you but does no damage.
You miss the adder.
You feel sick. The adder misses you.
You barely miss the adder.
You feel sick.
You are no longer poisoned.
The adder misses you. x2
You miss the adder. The adder closely misses you.
You barely miss the adder. The adder bites you but does no damage.
You hit the adder.
The adder is heavily wounded.
The adder misses you.
You completely miss the adder.
The adder is heavily wounded.
The adder closely misses you. The adder bites you but does no damage.
You barely miss the adder.
The adder is heavily wounded.
The adder bites you.
* * * LOW HITPOINT WARNING * * *
You are lethally poisoned!
The adder poisons you!
You punch the adder!
You kill the adder!
You die...

* * * , , *
#.......... , ,
#..........
#$.[....... *
#.$........
#.......... * *
#.......... ,*
#...†......
#.#####..@.......*
*
*.................
########..........
#<....†..........#
,
##########........
,, ........# *
,*#...>.... *
####.#### *, , ,
... *


There were no monsters in sight!

Vanquished Creatures
  2 adders (D:2)
  3 ball pythons (D:1)
  A bat (D:1)
  3 endoplasms (D:1)
  2 kobolds (D:1)
  2 quokkas (D:1)
  2 frilled lizards (D:1)
  2 goblins (D:1)
  2 rats (D:1)
19 creatures vanquished.

Notes
Turn   | Place    | Note
-------+----------+-------------------------------------------
     0 | D:1      | Zeldest the Meteoran Warper began the quest for the Orb.
     0 | D:1      | Reached XP level 1. HP: 17/17 MP: 5/5
    60 | D:1      | Reached XP level 2. HP: 15/24 MP: 6/6
    93 | D:1      | Reached skill level 4 in Translocations
   136 | D:1      | Reached XP level 3. HP: 21/29 MP: 8/8
   259 | D:2      | HP: 1/29 [poisoned by an adder]
   270 | D:2      | HP: 1/29 [adder (2)]
   271 | D:2      | Succumbed to an adder's poison

Illustrated notes

Levels and vault maps discovered:
D:1:      eino_arrival_water_star, layout_basic,
          hellmonk_ecumenical_altar_inner_sanctum
D:2:      layout_basic

Skill      XL: |  1  2 |
---------------+-------+-----
Translocations | 4 |  4.4
Unarmed Combat | 3 |  3.4
Fighting       | |  2.1
Throwing       | |  1.2
Armour         | |  1.2
Dodging        | |  2.4
Spellcasting   | |  2.6

Action                   || total
-------------------------++-------
Melee: Unarmed           ||    62
       Punch             ||     2
  Use: Potion            ||     1
Armor: Leather armour    ||    18
Dodge: Dodged            ||    41
